 Dungeon Crawl Stone Soup version 0.30.0-30-g96aa6591b8 (webtiles) character file.

Game seed: 16797127820436080074

6775 Aerthanath the Cleaver (level 11, -12/97 HPs)
             Began as a Hill Orc Fighter on June 27, 2023.
             Was a Priest of Beogh.
             Mangled by a two-headed ogre
             ... wielding a +0 giant club
              (21 damage)
             ... on level 9 of the Dungeon.
             The game lasted 00:36:54 (11342 turns).

Aerthanath the Cleaver (Hill Orc Fighter)          Turns: 11342, Time: 00:36:55

Health: -12/97     AC: 20    Str: 24    XL:     11   Next: 4%
Magic:  9/9        EV:  8    Int:  8    God:    Beogh [***...]
Gold:   603        SH:  5    Dex: 10    Spells: 10/10 levels left

rFire   + . .        a - +2 war axe (venom)
rCold   + . .        c - +0 buckler
rNeg    . . .        p - +4 plate armour
rPois   +            l - +0 helmet
rElec   +            (no cloak)
rCorr   +            (no gloves)
SInv    .            f - +0 pair of boots
Will    .....        h - amulet of magic regeneration Stlth
                     w - ring of poison resistance
HPRegen 0.36/turn    o - ring of flight
MPRegen 0.51/turn

%: no passive effects
@: resistant, flying, unable to read
A: low MP 1, subdued magic 1, inability to read after injury 1
a: Renounce Religion, Smiting


You were on level 9 of the Dungeon.
You worshipped Beogh.
Beogh was most pleased with you.
You visited 1 branch of the dungeon, and saw 10 of its levels.

You collected 603 gold pieces.

Inventory:

Hand Weapons
 a - a +2 war axe of venom (weapon)
Armour
 c - a +0 buckler (worn)
 f - a +0 pair of boots (worn)
 l - a +0 helmet (worn)
 p - a +4 plate armour (worn)
Jewellery
 h - an amulet of magic regeneration (around neck)
 o - a ring of flight (right hand)
 w - a ring of poison resistance (left hand)
Wands
 b - a wand of flame (43)
 d - a wand of polymorph (5)
 g - a wand of iceblast (8)
 t - a wand of light (2)
Scrolls
 i - 2 scrolls of fog
 j - 6 scrolls of identify
 m - a scroll of magic mapping
Potions
 e - 2 potions of brilliance


   Skills:
 + Level 9.1 Fighting
 + Level 14.4 Axes
 + Level 9.0 Armour
 + Level 3.1 Dodging
 + Level 2.0 Stealth
 + Level 5.9 Shields
 + Level 0.5 Unarmed Combat


You had 10 spell levels left.
You didn't know any spells.
Your spell library contained the following spells:

 Spells                   Type           Power      Damage    Failure   Level
 Apportation              Tloc           0%         N/A       99%         1
 Necrotise                Necr           0%         1d4       99%         1
 Summon Small Mammal      Summ           0%         N/A       99%         1
 Sublimation of Blood     Necr           0%         N/A       100%        2
 Call Canine Familiar     Summ           0%         N/A       100%        3
 Dazzling Flash           Conj/Hex       0%         N/A       100%        3
 Gell's Gravitas          Tloc           0%         N/A       100%        3
 Portal Projectile        Hex/Tloc       0%         N/A       100%        3
 Teleport Other           Tloc           0%         N/A       100%        3
 Volatile Blastmotes      Fire/Tloc      0%         2d10      100%        3
 Iskenderun's Mystic Bla  Conj/Tloc      0%         2d3       100%        4
 Leda's Liquefaction      Hex/Erth       0%         N/A       100%        4
 Petrify                  Tmut/Erth      0%         N/A       100%        4
 Irradiate                Conj/Tmut      0%         3d11      100%        5
 Dispersal                Tloc           0%         N/A       100%        6
 Starburst                Conj/Fire      0%         6d3       100%        6


Dungeon Overview and Level Annotations

Branches:
Dungeon (10/15)            Temple (0/1) D:5            Lair (0/5) D:10
    Orc: D:9-12

Altars:
Ashenzari
Cheibriados
Hepliaklqana
Kikubaaqudgha
Ru
Sif Muna
Trog
Vehumet
Wu Jian

Shops:
D:1 =   D:9 ?

Annotations:
D:4 1 runed translucent door, Crazy Yiuf


Innate Abilities, Weirdness & Mutations

Your magical capacity is low. (-10% MP)
Your spells are a little easier to cast, but a little less powerful.
You occasionally lose the ability to read scrolls when taking damage.


Message History

Press: ? - help, v - describe, . - travel
Here: a two-headed ogre, wielding a +0 giant club and a +0 giant spiked club The floor.
Unknown command.
Okay, then.
You barely miss the two-headed ogre. You barely miss the two-headed ogre.
The two-headed ogre hits you with a +0 giant club!!
You feel threatened and lose the ability to read scrolls!
You block the two-headed ogre's attack.
You slash the two-headed ogre!
The two-headed ogre is poisoned.
The two-headed ogre is lightly wounded.
The two-headed ogre hits you with a +0 giant club!
* * * LOW HITPOINT WARNING * * *
The two-headed ogre barely misses you.
You barely miss the two-headed ogre.
The two-headed ogre is lightly wounded.
You barely miss the two-headed ogre.
The two-headed ogre is lightly wounded.
The two-headed ogre hits you with a +0 giant club!
* * * LOW HITPOINT WARNING * * *
The two-headed ogre completely misses you.
It was a potion of resistance.
You feel protected.
You cannot read scrolls in your current state!
Unknown command.
You cannot read scrolls in your current state!
You cannot read scrolls in your current state!
Unknown command.
You barely miss the two-headed ogre.
The two-headed ogre is lightly wounded.
The two-headed ogre hits you but does no damage.
You block the two-headed ogre's attack.
You slash the two-headed ogre!
The two-headed ogre looks as sick as possible!
The two-headed ogre is heavily wounded.
You slice the two-headed ogre!!
The two-headed ogre is severely wounded.
The two-headed ogre hits you with a +0 giant club!!
You die...

#.... #.... #.... #
#.... #. #....
#########.#.########
#...[
#.......#...#......#####
####. #.......#
#.#...$....... #.
#.......# #.....@...# #.
#.......# #.#....O..##
## #.......#
#..........#
#.......####.....###.#
#...........†..........
#.......####......##.###
#######.# #.......# #.#
#.###.### ### #.# #.#
#.# ...####..


You could see a two-headed ogre (extremely poisoned).

Vanquished Creatures
  An ugly thing (D:8)
  2 kobold demonologists (D:9)
  A hornet (D:8)
  Sigmund (D:2)
  13 yaks
  2 wyverns
  A steam dragon (D:8)
  Menkaure (D:4)
  2 ice beasts
  A sky beast (D:6)
  2 orc warriors
  4 black bears
  2 ogres
  2 centaurs (D:8)
  4 phantoms
  2 kobold brigands
  3 bullfrogs
  A scorpion (D:6)
  8 wights
  4 killer bees (D:9)
  3 orc priests
  4 hounds
  Terence (D:3)
  5 orc wizards
  Ijyb (D:4)
  2 iguanas
  Robin (D:2)
  6 adders
  A river rat (D:4)
  A white imp (D:6)
  3 worms
  2 dart slugs
  34 orcs
  7 ball pythons
  8 endoplasms
  2 giant cockroaches
  9 goblins
  10 hobgoblins
  3 jackals (D:1)
  2 quokkas (D:2)
  6 bats
  2 frilled lizards
  22 kobolds
  6 rats
  A spectral kobold (D:6)
199 creatures vanquished.

Notes
Turn   | Place    | Note
-------+----------+-------------------------------------------
     0 | D:1      | Aerthanath the Hill Orc Fighter began the quest for the
                  | Orb.
     0 | D:1      | Reached XP level 1. HP: 19/19 MP: 1/1
    99 | D:1      | Reached XP level 2. HP: 27/27 MP: 2/2
   200 | D:1      | Reached skill level 3 in Axes
   250 | D:1      | Found Lurphocs's Jewellery Boutique.
   487 | D:1      | Reached XP level 3. HP: 31/33 MP: 3/3
   687 | D:2      | Noticed Sigmund
   700 | D:2      | Killed Sigmund
   701 | D:2      | Reached skill level 5 in Axes
   701 | D:2      | Reached XP level 4. HP: 32/41 MP: 4/4
   701 | D:2      | Reached XP level 5. HP: 37/47 MP: 5/5
  2013 | D:2      | Noticed Robin
  2020 | D:2      | Killed Robin
  2157 | D:2      | Reached XP level 6. HP: 53/53 MP: 6/6
  2214 | D:2      | Gained mutation: You occasionally lose the ability to read
                  | scrolls when taking damage. [potion of mutation]
  2519 | D:3      | Noticed Terence
  2534 | D:3      | Killed Terence
  2907 | D:3      | Identified the +1 ring mail of the Trilobite {rF++}
  3050 | D:3      | Found an ornate altar of the Wu Jian Council.
  3117 | D:3      | Found a broken altar of Ashenzari.
  3739 | D:4      | Reached skill level 5 in Fighting
  3739 | D:4      | Reached skill level 6 in Axes
  3739 | D:4      | Reached skill level 1 in Dodging
  3744 | D:4      | Reached XP level 7. HP: 30/61 MP: 7/7
  3865 | D:4      | Found a runed translucent door.
  3866 | D:4      | Noticed Crazy Yiuf
  3901 | D:4      | Reached skill level 7 in Axes
  4066 | D:4      | Found a sacrificial altar of Ru.
  4141 | D:4      | Noticed Ijyb
  4146 | D:4      | Killed Ijyb
  4147 | D:4      | Reached skill level 5 in Armour
  4331 | D:4      | Noticed Menkaure
  4341 | D:4      | Killed Menkaure
  4398 | D:4      | Found a radiant altar of Vehumet.
  4570 | D:4      | Reached skill level 8 in Axes
  5460 | D:5      | Entered Level 5 of the Dungeon
  5809 | D:5      | Reached XP level 8. HP: 69/69 MP: 8/8
  5832 | D:5      | Found a staircase to the Ecumenical Temple.
  5865 | D:5      | Became a worshipper of Beogh the Brigand
  6028 | D:5      | Found a shimmering blue altar of Sif Muna.
  6060 | D:5      | Found an ancient bone altar of Kikubaaqudgha.
  6440 | D:6      | Reached skill level 9 in Axes
  6670 | D:6      | Found a snail-covered altar of Cheibriados.
  6817 | D:6      | Reached skill level 1 in Stealth
  6818 | D:6      | Reached * piety under Beogh
  6973 | D:6      | Found a hazy altar of Hepliaklqana.
  7048 | D:6      | Identified the +4 flail of the Sea {flame, SInv}
  7537 | D:7      | Reached skill level 10 in Axes
  8086 | D:7      | Reached XP level 9. HP: 26/66 MP: 9/9
  8664 | D:7      | Reached skill level 11 in Axes
  9036 | D:8      | Noticed a hornet
  9052 | D:8      | Killed a hornet
  9761 | D:8      | Reached skill level 5 in Shields
  9762 | D:8      | Noticed a green ugly thing
  9783 | D:8      | Killed a green ugly thing
  9784 | D:8      | Reached skill level 12 in Axes
  9922 | D:8      | Reached XP level 10. HP: 77/88 MP: 10/10
 10108 | D:8      | Reached ** piety under Beogh
 10117 | D:8      | Reached skill level 13 in Axes
 10217 | D:8      | Found a bloodstained altar of Trog.
 10702 | D:9      | Noticed a kobold demonologist
 10707 | D:9      | Noticed a kobold demonologist
 10712 | D:9      | Noticed a smoke demon
 10715 | D:9      | Killed a kobold demonologist
 10789 | D:10     | Entered Level 10 of the Dungeon
 10789 | D:10     | Found a staircase to the Lair.
 10850 | D:10     | Reached *** piety under Beogh
 11091 | D:9      | Gained mutation: Your spells are a little easier to cast,
                  | but a little less powerful. [a neqoxec]
 11092 | D:9      | Gained mutation: Your magical capacity is low. (-10% MP) [a
                  | neqoxec]
 11099 | D:9      | Killed a kobold demonologist
 11100 | D:9      | Reached skill level 14 in Axes
 11268 | D:9      | Found The Oracle's Delphic Readings.
 11326 | D:9      | Reached XP level 11. HP: 84/97 MP: 9/9
 11330 | D:9      | Noticed a two-headed ogre
 11342 | D:9      | Mangled by a two-headed ogre

Illustrated notes

Levels and vault maps discovered:
D:1:      minmay_arrival_four_houses, layout_loops_ring, serial_shops,
          nicolae_shop_rolling_square
D:2:      layout_basic, uniq_robin, uniq_sigmund
D:3:      layout_loops_cross, old_standard_altar, mainiacjoe_overflow_alcove_4,
          serial_bayou_crossing, uniq_terence
D:4:      layout_rooms, mainiacjoe_overflow_boulevard,
          overflow_temple_1_default, gup_sewer_entry_spiral, uniq_ijyb,
          uniq_crazy_yiuf_cottage, uniq_menkaure
D:5:      layout_basic, mainiacjoe_overflow_two_lobes,
          minmay_temple_entry_overgrown
D:6:      layout_loops_ring, nicolae_hepliaklqana_monster_ancestors,
          lemuel_crystal_altar, grunt_decor_cap
D:7:      layout_rooms
D:8:      layout_rooms, trog_ov_bears_minmay
D:9:      layout_basic, nicolae_nh_oracle_at_delphi
D:10:     layout_long_grid, lair_entry_dummy, uniq_snorg, uniq_gastronok,
          uniq_joseph, uniq_psyche, uniq_harold

Skill      XL: |  1  2  3  4  5  6  7  8  9 10 |
---------------+-------------------------------+-----
Axes           | 3 5 6 8 10 12 14 | 14.4
Fighting       | 4 5 6 7 9 |  9.1
Armour         | 4 5 6 7 9 |  9.0
Dodging        | 1 2 3 |  3.1
Shields        | 4 5 |  5.9
Stealth        | 1 2 |  2.0
Unarmed Combat | |  0.5

Action                     |  1- 3 |  4- 6 |  7- 9 | 10-12 || total
---------------------------+-------+-------+-------+-------++-------
  Melee: War axe           |    59 |   103 |   275 |   172 ||   609
         Unarmed           |     5 |       |       |       ||     5
 Invoke: Convert to Beogh  |       |       |     1 |       ||     1
    Use: Potion            |     1 |     8 |     7 |     3 ||    19
         Scroll            |       |     7 |     6 |     7 ||    20
 Armour: Scale mail        |    32 |    33 |       |       ||    65
         Ring mail         |       |     9 |    99 |    25 ||   133
         Plate armour      |       |       |       |    59 ||    59
  Dodge: Dodged            |    31 |    53 |   116 |    64 ||   264
  Block: Buckler           |    17 |    30 |    52 |    39 ||   138
